 Dungeon Crawl Stone Soup version 0.32-a0-361-g289a535e89 (webtiles) character file.

Game seed: 11351399018416790339

282 Sobieck the Sneak (level 6, -1/47 HPs)
             Began as a Coglin Brigand on Feb 18, 2024.
             Slain by Crazy Yiuf
             ... wielding a +4 quarterstaff of chaos
              (6 damage)
             ... on level 3 of the Dungeon.
             The game lasted 00:03:16 (2497 turns).

Sobieck the Sneak (Coglin Brigand)                  Turns: 2497, Time: 00:03:17

Health: -1/47      AC: 11    Str: 12    XL:     6   Next: 28%
Magic:  3/6        EV: 12    Int: 10    God:
Gold:   174        SH:  0    Dex: 17    Spells: 5/5 levels left

rFire   . . .        a - +2 dagger {Suni}
rCold   . . .        t - +0 rapier {Ikko}
rNeg    . . .        b - +0 robe
rPois   .            (no helmet)
rElec   .            c - +0 cloak
rCorr   .            (no gloves)
SInv    .            (no boots)
Will    .....        (no amulet)
Stlth   +++          e - +4 ring of protection
HPRegen 0.27/turn    u - +4 ring of protection
MPRegen 0.10/turn

%: no passive effects
@: lethally poisoned (-1 -> -8), slowed, revving, stiff-legged, very slow
A: off-hand wielding, slow wielding, warmup strikes, warmup strides
a: no special abilities


You were on level 3 of the Dungeon.
You visited 1 branch of the dungeon, and saw 3 of its levels.

You collected 174 gold pieces.

Inventory:

Hand Weapons
 a - a +2 dagger (weapon) {Suni}
 d - a +0 short sword {Adela}
 t - a +0 rapier (worn) {Ikko}
Missiles
 k - 9 poisoned darts
 F - 7 curare-tipped darts
Armour
 b - a +0 robe (worn)
 c - a +0 cloak (worn)
Jewellery
 e - a +4 ring of protection (left grasper)
 n - a ring of positive energy
 u - a +4 ring of protection (right grasper)
Scrolls
 h - 2 scrolls of amnesia {unknown}
 i - 2 scrolls of identify {unknown}
 j - a scroll of vulnerability {unknown}
 p - a scroll of teleportation {unknown}
 q - a scroll of brand weapon {unknown}
Potions
 f - 2 potions of mutation {unknown}
 g - 4 potions of curing {unknown}
 l - 3 potions of haste {unknown}
 m - 3 potions of attraction {unknown}
 o - a potion of invisibility {unknown}
 r - a potion of brilliance {unknown}
 s - a potion of ambrosia {unknown}


   Skills:
 + Level 3.1 Fighting
 * Level 3.6 Short Blades
 + Level 2.8 Throwing
 + Level 2.2 Dodging
 + Level 3.9 Stealth


You had 5 spell levels left.
You didn't know any spells.
Your spell library was empty.

Dungeon Overview and Level Annotations

Branches:
Dungeon (3/15)

Altars:

Annotations:
D:3 Crazy Yiuf


Innate Abilities, Weirdness & Mutations

You can wield a second weapon in your off-hand.
It takes a long time for you to wield or remove held weapons.
Your first few attacks do less damage.
Your first movements take longer.


Message History

Crazy Yiuf says, "Whippet bag stair!"
Crazy Yiuf hits you but does no damage.
You are slowing down.
Unknown command.
Unknown command.
You hit Crazy Yiuf with your +2 dagger.
Crazy Yiuf is moderately wounded.
You hit Crazy Yiuf with your +0 rapier.
Crazy Yiuf hits you with a +4 quarterstaff of chaos.
* * * LOW HITPOINT WARNING * * *
Crazy Yiuf freezes you. Crazy Yiuf closely misses you.
You have turned to stone.
Crazy Yiuf hits you with a +4 quarterstaff of chaos.
* * * LOW HITPOINT WARNING * * *
Crazy Yiuf barely misses you.
Crazy Yiuf hits you with a +4 quarterstaff of chaos!
* * * LOW HITPOINT WARNING * * *
You feel your power leaking away.
Crazy Yiuf glowers.
Crazy Yiuf hits you with a +4 quarterstaff of chaos!
* * * LOW HITPOINT WARNING * * *
You feel as though you will be slow longer.
Crazy Yiuf hits you with a +4 quarterstaff of chaos!
* * * LOW HITPOINT WARNING * * *
Crazy Yiuf freezes you.
* * * LOW HITPOINT WARNING * * *
Crazy Yiuf whimpers, "Lugonu sallow tortoise!"
Crazy Yiuf hits you with a +4 quarterstaff of chaos.
* * * LOW HITPOINT WARNING * * *
Crazy Yiuf freezes you.
Crazy Yiuf hits you with a +4 quarterstaff of chaos.
* * * LOW HITPOINT WARNING * * *
Crazy Yiuf barely misses you.
Crazy Yiuf hits you with a +4 quarterstaff of chaos.
* * * LOW HITPOINT WARNING * * *
Crazy Yiuf freezes you.
Crazy Yiuf hits you with a +4 quarterstaff of chaos.
* * * LOW HITPOINT WARNING * * *
You turn to flesh and can move again.
Unknown command.
Unknown command.
You hit Crazy Yiuf but do no damage.
Crazy Yiuf is heavily wounded.
You hit Crazy Yiuf with your +2 dagger.
Crazy Yiuf whimpers, "Shower noodlescoop ena!"
Crazy Yiuf hits you with a +4 quarterstaff of chaos.
* * * LOW HITPOINT WARNING * * *
You are lethally poisoned!
Crazy Yiuf hits you with a +4 quarterstaff of chaos.
You die...

##..###########.#
#.)##
................##
##..###
...############..#
##...## ..## ####
###..# .## ##.#
.## ########.#
#.### ####
###.#.#+.#.# ##))#
#...##..#.......#
#.#.#######
#..g@.####......#
..........#
#)..### ##.+..##
....####..# ####
###### ##........#
....####..#
..........#
.#..#####.#
##..~.P...#
##.~~P~~.##


You could see Crazy Yiuf.

Vanquished Creatures
  2 bombardier beetles (D:3)
  6 adders
  4 gnolls
  2 dart slugs
  8 endoplasms
  3 giant cockroaches
  5 goblins
  8 hobgoblins
  8 kobolds
  3 quokkas
  7 ball pythons
  4 bats (D:1)
  4 frilled lizards
  5 rats
69 creatures vanquished.

Notes
Turn   | Place    | Note
-------+----------+-------------------------------------------
     0 | D:1      | Sobieck the Coglin Brigand began the quest for the Orb.
     0 | D:1      | Reached XP level 1. HP: 16/16 MP: 1/1
    20 | D:1      | Reached skill level 1 in Dodging
    51 | D:1      | Reached XP level 2. HP: 22/22 MP: 2/2
   157 | D:1      | Reached XP level 3. HP: 27/27 MP: 3/3
   733 | D:2      | Reached XP level 4. HP: 31/34 MP: 4/4
   862 | D:2      | Found a faded altar of an unknown god.
   958 | D:2      | Reached skill level 3 in Short Blades
  1051 | D:2      | Reached XP level 5. HP: 39/39 MP: 5/5
  1779 | D:3      | Reached skill level 3 in Fighting
  1779 | D:3      | Reached XP level 6. HP: 47/47 MP: 6/6
  2069 | D:3      | Found a runed translucent door.
  2070 | D:3      | Noticed Crazy Yiuf
  2497 | D:3      | Slain by Crazy Yiuf

Illustrated notes

Levels and vault maps discovered:
D:1:      scummos_arrival_simple_crosswalls, layout_loops_ring,
          serial_bayou_pond_d
D:2:      layout_loops_cross, nicolae_ecumenical_snake_handling
D:3:      layout_loops_ring, serial_bayou_lagoon_a, uniq_crazy_yiuf_cottage

Skill      XL: |  1  2  3  4  5 |
---------------+----------------+-----
Dodging        | 1 2 |  2.2
Short Blades   | 2 3 |  3.6
Throwing       | 2 |  2.8
Fighting       | 3 |  3.1
Stealth        | |  3.9

Action                     |  1- 3 |  4- 6 || total
---------------------------+-------+-------++-------
  Melee: Dagger            |    48 |    93 ||   141
         Short sword       |    43 |    87 ||   130
         Rapier            |       |    10 ||    10
   Stab: Sleeping          |    15 |     9 ||    24
 Armour: Robe              |    21 |    70 ||    91
  Dodge: Dodged            |    44 |    52 ||    96

Table legend: (Time is in decaauts)
 A = Elapsed time spent in this place.
 B = Non-inter-level travel time spent in this place.
 C = Inter-level travel time spent in this place.
 D = Time resting spent in this place.
 E = Time spent auto-exploring this place.
 F = Levels seen in this place.
 G = Mean time per level.
                   A        B        C        D        E       F      G
               +--------+--------+--------+--------+--------+-----+--------+
         Total |   2592 |   2558 |     34 |    106 |   1957 |   3 |  864.0 |
       Dungeon |   2592 |   2558 |     34 |    106 |   1957 |   3 |  864.0 |
               +--------+--------+--------+--------+--------+-----+--------+

Top non-repeatable levels by time:
     D:3: 1046 daAuts
     D:2: 783 daAuts
     D:1: 762 daAuts
